 Dungeon Crawl Stone Soup version 0.31.0-12-g77e489cdc1 (webtiles) character file.

Game seed: 2463423559565027385

63 lordive the Changeling (level 4, -2/48 HPs)
             Began as a Merfolk Shapeshifter on Feb 29, 2024.
             Incinerated by a bombardier beetle (6 damage)
             ... with a burning spray
             ... on level 3 of the Dungeon.
             The game lasted 00:02:15 (1861 turns).

lordive the Changeling (Merfolk Shapeshifter)       Turns: 1861, Time: 00:02:15

Health: -2/48      AC: 22    Str: 14    XL:     4   Next: 10%
Magic:  4/4        EV:  2    Int: 11    God:
Gold:   149        SH:  0    Dex: 13    Spells: 3/3 levels left

rFire   . .          .
                       - Unarmed
rCold   . . .        (no shield)
rNeg    . . .        h - melded +2 ring mail {Will+}
rPois   +            (helmet currently unavailable)
rElec   .            (cloak currently unavailable)
rCorr   +            (gloves currently unavailable)
SInv    .            (boots currently unavailable)
Will    .....        (no amulet)
Stlth   +            f - ring of resist corrosion
HPRegen 0.28/turn    (no ring)
MPRegen 0.09/turn

%: no passive effects
@: on fire, tree-form, glowing
A: stationary, stasis, torment immunity, boosted hp, (nimble swimmer 2),
(mertail)
a: no special abilities


You were on level 3 of the Dungeon.
You were a tree.
You visited 1 branch of the dungeon, and saw 3 of its levels.

You collected 149 gold pieces.

Inventory:

Armour
 h - a +2 ring mail of willpower (melded)
Jewellery
 f - a ring of resist corrosion (left branch)
Talismans
 a - a beast talisman (active)
 d - a flux talisman
Scrolls
 c - a scroll of vulnerability {unknown}
 e - 2 scrolls of identify {unknown}
 k - a scroll of enchant armour {unknown}
 l - a scroll of immolation {unknown}
Potions
 g - a potion of degeneration {unknown}
 i - a potion of curing {unknown}
 j - a potion of enlightenment {unknown}
 m - 2 potions of cancellation {unknown}


   Skills:
 + Level 1.2 Fighting
 + Level 0.6 Armour
 + Level 3.1 Dodging
 + Level 4.3 Unarmed Combat
 + Level 4.6 Shapeshifting


You had 3 spell levels left.
You didn't know any spells.
Your spell library contained the following spells:

 Spells                   Type           Power      Damage    Failure   Level
 Cigotuvi's Dreadful Rot  Necr/Alch/Air  0%         N/A       47%         2
 Static Discharge         Conj/Air       0%         3-3/arc   47%         2
 Airstrike                Air            0%         2d(0-16)  98%         4
 Ignite Poison            Fire/Alch      0%         N/A       98%         4
 Summon Lightning Spire   Summ/Air       0%         N/A       98%         4
 Freezing Cloud           Conj/Ice/Air   0%         6-21      100%        5


Dungeon Overview and Level Annotations

Branches:
Dungeon (3/15)

Altars:
Cheibriados

Portals:
Sewer: D:3


Innate Abilities, Weirdness & Mutations

You are a tree.
Your roots penetrate the ground, keeping you stationary.
You cannot be teleported.
You are immune to unholy pain and torment.
Your maximum health is greatly increased.
Your equipment is partially melded.
((You are very nimble when in or above water. (Stealth+, EV+, Speed+++)))
((Your lower body shifts to a powerful aquatic tail in water.))


Message History

You hear the slow rusting of a drain.
Found a snail-covered altar of Cheibriados.
You see here a ball python corpse.
The bombardier beetle sprays incendiary fluid at you.
The burning spray hits you.
You are covered in liquid fire!
You hit the bombardier beetle but do no damage.
You punch the bombardier beetle.
The bombardier beetle is lightly wounded.
The liquid fire burns you!
You hit the bombardier beetle.
The bombardier beetle is moderately wounded.
The liquid fire burns you!
* * * LOW HITPOINT WARNING * * *
The bombardier beetle sprays incendiary fluid at you.
The burning spray hits you.
You are even more covered in liquid fire!
You hit the bombardier beetle.
The bombardier beetle is moderately wounded.
The liquid fire burns you!
* * * LOW HITPOINT WARNING * * *
Unknown command.
You closely miss the bombardier beetle.
Your punch misses the bombardier beetle.
The bombardier beetle is moderately wounded.
The liquid fire burns you!
* * * LOW HITPOINT WARNING * * *
The bombardier beetle sprays incendiary fluid at you.
The burning spray hits you.
You are even more covered in liquid fire!
Your transformation has ended.
You turn into a tree.
Your +2 ring mail of willpower melds into your body.
You feel less strong-willed.
Your roots penetrate the ground.
The liquid fire burns you!
* * * LOW HITPOINT WARNING * * *
You barely miss the bombardier beetle.
The bombardier beetle is moderately wounded.
The liquid fire burns you!
You die...

##########.
......................#
###....###.#...~~~....#.
..'...........~~~~~.....
###....###....~~∩~~...._
#....# #..~~~~~.....
###....# #...~~~....#
.......# #...!......#
.......# #....♣B....#
.......# #####†#..#.#
.......###.## #.# ....
.......'....# #.# .###
.......###..# #.# #
....#...# .# #.#
..[...#.##..# #.#
............# #.#
###.....#...# #.#


You could see a bombardier beetle.

Vanquished Creatures
  An adder (D:3)
  A river rat (D:3)
  A dart slug (D:1)
  An endoplasm (D:1)
  2 giant cockroaches (D:1)
  3 goblins
  2 hobgoblins (D:1)
  6 jackals (D:1)
  6 kobolds
  A quokka (D:2)
  7 ball pythons
  3 bats (D:1)
  3 frilled lizards
  7 rats
44 creatures vanquished.

Notes
Turn   | Place    | Note
-------+----------+-------------------------------------------
     0 | D:1      | lordive the Merfolk Shapeshifter began the quest for the
                  | Orb.
     0 | D:1      | Reached XP level 1. HP: 15/15 MP: 1/1
   244 | D:1      | Reached XP level 2. HP: 18/21 MP: 2/2
   451 | D:1      | Reached XP level 3. HP: 24/26 MP: 3/3
   526 | D:1      | Found a faded altar of an unknown god.
  1846 | D:3      | Found a glowing drain.
  1850 | D:3      | Reached XP level 4. HP: 16/32 MP: 4/4
  1854 | D:3      | Found a snail-covered altar of Cheibriados.
  1861 | D:3      | Incinerated by a bombardier beetle

Illustrated notes

Levels and vault maps discovered:
D:1:      dpeg_arrival_prison, layout_basic,
          shapermc_ecumenical_altar_acropolis, hangedman_decor_diamond_cutter
D:2:      layout_basic
D:3:      layout_basic, nicolae_overflow_hidden_temple, tso_oasis_becter,
          cheibriados_altar_1, portal_sewer_entry_a, serial_bayou_pond_b,
          uniq_terence, uniq_grinder

Skill      XL: |  1  2  3 |
---------------+----------+-----
Dodging        | 3 |  3.1
Unarmed Combat | 4 |  4.3
Fighting       | |  1.2
Armour         | |  0.6
Shapeshifting  | |  4.6

Action                     |  1- 3 |  4- 6 || total
---------------------------+-------+-------++-------
  Melee: Unarmed           |    86 |     8 ||    94
         Punch             |     3 |     1 ||     4
    Use: Potion            |       |     1 ||     1
 Armour: Leather armour    |    20 |       ||    20
         Animal skin       |     3 |       ||     3
         Ring mail         |     7 |     1 ||     8
  Dodge: Dodged            |    42 |     2 ||    44
   Form: Beast             |     1 |       ||     1
